 Dungeon Crawl Stone Soup version 0.18-a0-1637-g109f206 (webtiles) character file.

15221 M4edhros the Covert (level 12, -5/77 HPs)
             Began as an Octopode Hunter on Mar 27, 2016.
             Was an Initiate of Gozag.
             Slain by a yak (7 damage)
             ... on level 3 of the Lair of Beasts.
             The game lasted 00:21:39 (14562 turns).

M4edhros the Covert (Octopode Hunter)              Turns: 14562, Time: 00:21:40

Health: -5/77      AC:  3    Str: 16    XL:     12   Next: 24%
Magic:  12/12      EV:  2    Int: 13    God:    Gozag
Gold:   567        SH:  0    Dex: 17    Spells: 1 memorised, 9 levels left

rFire  . . .     SeeInvis .     E - +2 dagger (chaos)
rCold  + . .     Gourm    .     R - +0 shield
rNeg   + + +     Faith    +     x - +2 hat
rPois  ∞         Spirit   .     D - amulet of faith
rElec  +         Dismiss  .     e - ring of positive energy
rCorr  .         Reflect  .     n - ring of Beogh's Hatred {rElec rC+ MR- Str+4 Slay+5}
SustAt .         Harm     .     (no ring)
MR     .....                    (no ring)
Stlth  ++++++++..               (no ring)
                                (no ring)
                                (no ring)
                                (no ring)

@: petrified, gold aura, not resistant to hostile enchantments, extraordinarily
stealthy
A: almost no armour, amphibious, 8 rings, constrict 8, camouflage 1, gelatinous
body 1
a: Potion Petition, Call Merchant, Bribe Branch, Renounce Religion


You were on level 3 of the Lair of Beasts.
You worshipped Gozag.
Gozag was noncommittal.
You were hungry.

You visited 3 branches of the dungeon, and saw 14 of its levels.

You collected 2003 gold pieces.
You spent 963 gold pieces at shops.
You paid 473 gold pieces to Gozag.

Inventory:

Hand Weapons
 a - a +4 hunting sling of venom
 b - a +0 short sword
 i - a +0 blowgun
 p - a +1 dagger of protection
 s - a +1 dagger of venom
 u - a +0 whip of electrocution
 E - a +2 dagger of chaos (weapon)
Missiles
 c - 100 sling bullets
 f - 104 stones (quivered)
 j - 4 curare-tipped needles
Armour
 r - a +2 buckler
 x - a +2 hat (worn)
 R - a +0 shield (worn)
Jewellery
 e - a ring of positive energy (left tentacle)
 n - the ring of Beogh's Hatred (right tentacle) {rElec rC+ MR- Str+4 Slay+5}
   (You bought it in a shop on level 8 of the Dungeon)

   [ring of protection from cold]

   It affects your strength (+4).
   It affects your accuracy and damage with ranged weapons and melee attacks
   (+5).
   It protects you from cold.
   It insulates you from electricity.
   It affects your resistance to hostile enchantments.
 D - an amulet of faith (around mantle)
Wands
 q - a wand of flame (11/48)
 B - a wand of iceblast (4/15)
 F - a wand of confusion (33/48)
 H - a wand of flame (11/48)
 I - a wand of acid (0/15)
 K - a wand of flame (18/48)
Scrolls
 g - a scroll of blinking
 h - a scroll of teleportation
 o - 3 scrolls of amnesia
 w - 2 scrolls of remove curse
 y - 2 scrolls of fear
 G - a scroll of immolation
 J - a scroll of magic mapping {unknown}
 P - a scroll of enchant armour
Potions
 m - a potion of lignification
 t - 2 potions of magic
 v - 3 potions of brilliance {unknown}
 z - 2 potions of beneficial mutation {unknown}
 A - a potion of ambrosia {unknown}
 C - 3 potions of haste {unknown}
 L - 2 potions of berserk rage {unknown}
 O - 3 potions of heal wounds {unknown}
 Q - a potion of agility
Books
 M - a book of Burglary

   Spells                             Type                      Level
   a - Swiftness                      Charms/Air                   2
   b - Passwall                       Transmutation/Earth          2
   c - Passage of Golubria            Translocation                4
   d - Lee's Rapid Deconstruction     Earth                        5
   e - Darkness                       Hexes                        6
   f - Invisibility                   Hexes                        6
Comestibles
 d - 6 bread rations
 k - 36 fruits
 l - a beef jerky


   Skills:
 - Level 5.1 Fighting
 + Level 10.1 Slings
 + Level 11.8 Dodging
 - Level 13.6 Stealth
 * Level 6.1 Shields


You had 9 spell levels left.
You knew the following spells:

 Your Spells              Type           Power        Failure   Level  Hunger
a - Swiftness             Chrm/Air       #.......     97%         2    ###....


Dungeon Overview and Level Annotations

Branches:
Dungeon (10/15)            Temple (1/1) D:4            Lair (3/8) D:9
    Orc (0/2) D:10
  Swamp: Lair:3-6    Shoals: Lair:3-6     Snake: Lair:3-6    Spider: Lair:3-6

Altars:
Cheibriados
Elyvilon
Fedhas
Gozag
Kikubaaqudgha
Makhleb
Nemelex Xobeh
Pakellas
Qazlal
Ru
Sif Muna
Vehumet
Xom
Yredelemnul

Shops:
D:4 ?   D:8 =   D:9 [   Lair:1 (

Annotations:
D:4 Empheia's ghost, amateur DrTm; Grinder
D:10 Snorg


Innate Abilities, Weirdness & Mutations

You cannot wear most types of armour.
You are amphibious.
You can wear up to eight rings at the same time.
You can use your tentacles to constrict eight enemies at once.
Your skin changes colour to match your surroundings (Stealth).
Your rubbery body absorbs attacks (AC +1).


Message History

You feel a bit more experienced. The porcupine bites you. The yak gores you!
The porcupine bites you. The basilisk gazes at you. The porcupine bites you!
The basilisk bites you but does no damage.
The yak seems less confused.
The porcupine bites you! The yak gores you!
* * * LOW HITPOINT WARNING * * *
The basilisk bites you but does no damage.
The porcupine bites you.
* * * LOW HITPOINT WARNING * * *
The yak gores you!
* * * LOW HITPOINT WARNING * * *
The yak gores you!
* * * LOW HITPOINT WARNING * * *
The basilisk gazes at you. The porcupine bites you!
* * * LOW HITPOINT WARNING * * *
The yak gores you!
You die...
Your body crumbles into a pile of gold.

#.. .#.# #..8.##
#.. ... #.#### #
#.#+#. #.####.##.
##.....##.........
.#.....#.#.........
.......#...........
..#.8..Y#.........
.......#l#.........
......YY@#.........
.#...Y.rY#.........
##..#.#######.####
#..?. ## #...#
...## ..# ..


You could see 5 yaks, a basilisk and a porcupine.

Vanquished Creatures
  Gastronok (Lair:1)
  Pikel (D:6)
  A hill giant (D:8)
  Maurice (D:9)
  Joseph (D:8)
  Psyche (D:9)
  A spiny frog (Lair:2)
  2 komodo dragons
  A polar bear (Lair:2)
  8 blink frogs (Lair:1)
  6 spriggans (D:7)
  6 yaks
  A wraith (D:10)
  3 hippogriffs
  Eustachio (D:6)
  Grum (D:10)
  A hungry ghost (D:9)
  2 porcupines
  3 water moccasins
  An ice beast (D:9)
  A sky beast (D:7)
  4 ogres
  A necrophage (D:8)
  A wasp (D:10)
  A slave (D:6)
  A phantom (D:9)
  5 centaurs
  5 crocodiles
  8 wolves
  A big kobold (D:9)
  13 giant frogs
  A water moccasin zombie (D:9)
  A scorpion (D:6)
  A wyvern skeleton (D:9)
  4 killer bees
  7 wights
  5 crimson imps
  A centaur zombie (D:6)
  3 jellies
  3 hounds
  8 orc priests
  Crazy Yiuf (D:5)
  4 centaur skeletons
  Jessica (D:2)
  5 iguanas
  6 orc wizards
  8 worker ants
  8 sheep (Lair:1)
  3 hound skeletons
  2 howler monkey zombies
  Robin (D:2)
  11 adders
  7 river rats (Lair:1)
  A shadow imp (D:9)
  An adder zombie (D:6)
  2 adder skeletons
  4 worms
  7 dart slugs
  5 giant geckos
  27 orcs
  A giant cockroach (D:5)
  11 goblins
  15 hobgoblins
  A jackal (D:7)
  5 kobolds
  6 quokkas
  3 ball pythons
  7 bats
  4 giant newts
  9 rats
284 creatures vanquished.

Vanquished Creatures (others)
  A crimson imp (D:6)
  An adder (D:6)
  3 orcs (D:6)
  2 fungi
  A plant (Lair:1)
8 creatures vanquished.

Grand Total: 292 creatures vanquished

Notes
Turn   | Place    | Note
--------------------------------------------------------------
     0 | D:1      | M4edhros the Octopode Hunter began the quest for the Orb.
     0 | D:1      | Reached XP level 1. HP: 14/14 MP: 1/1
   192 | D:1      | Reached XP level 2. HP: 19/19 MP: 2/2
   720 | D:2      | Reached XP level 3. HP: 24/24 MP: 3/3
   743 | D:2      | Reached skill level 5 in Slings
   921 | D:2      | Noticed Jessica
   924 | D:2      | Killed Jessica
   924 | D:2      | Reached XP level 4. HP: 22/29 MP: 4/4
  1332 | D:2      | Noticed Robin
  1377 | D:2      | Killed Robin
  1377 | D:2      | Reached XP level 5. HP: 14/34 MP: 5/5
  1454 | D:2      | Found a sacrificial altar of Ru.
  1646 | D:2      | Found a burning altar of Makhleb.
  1655 | D:2      | Found a radiant altar of Vehumet.
  3272 | D:4      | Noticed Empheia's ghost (amateur DrTm)
  3281 | D:3      | Reached skill level 2 in Stealth
  3281 | D:3      | Reached XP level 6. HP: 16/39 MP: 6/6
  3550 | D:4      | Found Etoxen's Magic Scroll Shop.
  3561 | D:4      | Reached skill level 3 in Stealth
  3726 | D:4      | Noticed Grinder
  4091 | D:4      | Found a staircase to the Ecumenical Temple.
  4112 | Temple   | Entered the Ecumenical Temple
  4219 | Temple   | Became a worshipper of Gozag Ym Sagoz the Greedy
  4501 | D:4      | You fall through a shaft for 3 floors!
  4501 | D:7      | Noticed a sky beast
  4534 | D:7      | Killed a sky beast
  4534 | D:7      | Reached skill level 4 in Stealth
  4534 | D:7      | Reached XP level 7. HP: 24/45 MP: 7/7
  4607 | D:7      | Noticed a spriggan
  4614 | D:7      | Killed a spriggan
  4614 | D:7      | Reached skill level 5 in Stealth
  4770 | D:7      | Noticed a spriggan
  4780 | D:7      | Killed a spriggan
  4780 | D:7      | Reached skill level 6 in Stealth
  4797 | D:7      | Noticed a spriggan
  4808 | D:7      | Noticed a spriggan
  4813 | D:7      | Reached XP level 8. HP: 50/50 MP: 8/8
  4822 | D:7      | Killed a spriggan
  4822 | D:7      | Reached skill level 5 in Dodging
  4837 | D:7      | Killed a spriggan
  4837 | D:7      | Reached skill level 7 in Stealth
  5039 | D:7      | Noticed a spriggan
  5056 | D:7      | Killed a spriggan
  5060 | D:7      | Reached skill level 8 in Stealth
  5775 | D:7      | Noticed a spriggan
  5785 | D:7      | Killed a spriggan
  5785 | D:7      | Reached XP level 9. HP: 24/54 MP: 9/9
  5788 | D:7      | Reached skill level 9 in Stealth
  6630 | D:6      | Reached skill level 10 in Stealth
  6817 | D:6      | Noticed Pikel
  6844 | D:6      | Killed Pikel
  6918 | D:5      | Entered Level 5 of the Dungeon
  7341 | D:5      | Reached skill level 11 in Stealth
  7382 | D:5      | Reached XP level 10. HP: 60/60 MP: 10/10
  7507 | D:5      | Noticed Crazy Yiuf
  7513 | D:5      | Killed Crazy Yiuf
  8008 | D:6      | Found a deep blue altar of Sif Muna.
  8125 | D:6      | Noticed Eustachio
  8127 | D:6      | Killed Eustachio
  8765 | D:8      | Found Boral's Jewellery Shop.
  8968 | D:8      | Reached skill level 12 in Stealth
  9202 | D:8      | Noticed a hill giant
  9226 | D:8      | Killed a hill giant
  9426 | D:8      | Noticed Joseph
  9449 | D:8      | Killed Joseph
  9802 | D:8      | Bought the ring of Beogh's Hatred {rElec rC+ MR- Str+4 Slay+5} for 963 gold pieces
  9971 | D:9      | Found a staircase to the Lair.
 10190 | D:9      | Found Haocram's Armour Shoppe.
 10193 | D:9      | Noticed Psyche
 10211 | D:9      | Killed Psyche
 10211 | D:9      | Reached skill level 10 in Dodging
 10211 | D:9      | Reached skill level 13 in Stealth
 10229 | D:9      | Found a blossoming altar of Fedhas.
 10243 | D:9      | Found a stormy altar of Qazlal.
 10362 | D:9      | Noticed Maurice
 10373 | D:9      | Killed Maurice
 10373 | D:9      | Reached XP level 11. HP: 23/70 MP: 11/11
 10849 | D:9      | Found a white marble altar of Elyvilon.
 10900 | D:9      | Found a basalt altar of Yredelemnul.
 10957 | D:10     | Entered Level 10 of the Dungeon
 11170 | D:10     | Noticed Grum
 11188 | D:10     | Killed Grum
 11268 | D:10     | Found a staircase to the Orcish Mines.
 11283 | D:10     | Noticed Snorg
 11443 | D:10     | HP: 3/70 [Snorg (9)]
 11753 | Lair:1   | Entered Level 1 of the Lair of Beasts
 12044 | D:9      | Reached skill level 5 in Fighting
 12404 | Lair:1   | Learned a level 2 spell: Swiftness
 12438 | Lair:1   | Reached skill level 1 in Shields
 12612 | Lair:1   | Noticed Gastronok
 13412 | Lair:1   | Killed Gastronok
 13412 | Lair:1   | Reached skill level 5 in Shields
 13412 | Lair:1   | Reached XP level 12. HP: 61/77 MP: 12/12
 13581 | Lair:2   | Reached skill level 10 in Slings
 14562 | Lair:3   | HP: 2/77 [porcupine (4)]
 14562 | Lair:3   | Slain by a yak

Vault maps used:
D:1:      lightli_molten_gateway, roderic_greek_sauvastika
D:2:      amethyst_overflow_temple_binary, nicolae_ru_path_of_blood, uniq_robin,
          uniq_jessica
D:4:      minmay_temple_entry_trees, serial_shops, shop_fountains,
          kennysheep_small_square, uniq_grinder
D:5:      first_bread, uniq_crazy_yiuf_cottage
D:6:      lemuel_doored_altar, uniq_pikel, uniq_eustachio
D:7:      forest_paths
D:8:      serial_shops, nicolae_shop_crystal, uniq_joseph
D:9:      kennysheep_ying_yang, grunt_temple_overflow_forces_of_nature,
          lair_0_dummy, serial_shops, shop, blue_anna_alchemist, uniq_maurice,
          uniq_psyche
D:10:     orc_0_dummy, nicolae_dithmenos_the_darkroom, uniq_snorg, uniq_grum
Temple:   eino_temple_water_12
Lair:1:   uniq_gastronok
Lair:3:   gammafunk_lair_enchanted_lake, serial_bayou_pond_d, grunt_megastairs_1

Skill      XL: |  1  2  3  4  5  6  7  8  9 10 11 12 |
---------------+-------------------------------------+-----
Slings         | 5 6 7 8 9 10 | 10.1
Stealth        | 2 4 6 8 11 13 | 13.6
Dodging        | 3 4 6 8 10 11 | 11.8
Fighting       | 4 5 |  5.1
Shields        | 5 6 |  6.1

Action                   |  1- 3 |  4- 6 |  7- 9 | 10-12 || total
-------------------------+-------+-------+-------+-------++-------
Melee: Short sword       |     5 |       |       |       ||     5
       Dagger            |       |    47 |   183 |   163 ||   393
       Hunting sling     |       |     8 |       |     2 ||    10
       Whip              |       |       |       |    17 ||    17
 Fire: Hunting sling     |    94 |   173 |     2 |   530 ||   799
       Blowgun           |       |     4 |       |    13 ||    17
Invok: Call Merchant     |       |       |       |     1 ||     1
Evoke: Wand              |       |     5 |       |     1 ||     6
  Use: Potion            |       |     5 |     2 |     1 ||     8
       Scroll            |       |     8 |     1 |    10 ||    19
 Stab: Sleeping          |       |     7 |    15 |     8 ||    30
       Distracted        |       |       |     1 |     1 ||     2
  Eat: Chunk             |       |     7 |       |       ||     7
       Meat ration       |       |     1 |     1 |     4 ||     6
       Pizza             |       |     1 |       |     1 ||     2
       Bread ration      |       |       |       |     1 ||     1
